 Dungeon Crawl Stone Soup version 0.25.0-11-g1f837a76a1 (webtiles) character file.

Game seed: 1987603210456954063

14 DeadF the Sneak (level 2, -4/11 HPs)
             Began as a Felid Enchanter on June 23, 2020.
             Slain by a gnoll
             ... wielding a +0 halberd
              (7 damage)
             ... on level 2 of the Dungeon on June 26, 2020.
             The game lasted 00:01:49 (753 turns).

DeadF the Sneak (Felid Enchanter)                    Turns: 753, Time: 00:01:50

Health: -4/11      AC:  1    Str:  4    XL:     2   Next: 31%
Magic:  6/6        EV: 19    Int: 16    God:
Gold:   49         SH:  0    Dex: 16    Spells: 4/5 levels left
                                        Lives:  0   Deaths: 0

rFire    . . .     SeeInvis +     - Unarmed
rCold    . . .     Gourm    .   (shield unavailable)
rNeg     . . .     Faith    .   (armour unavailable)
rPois    .         Spirit   .   (helmet unavailable)
rElec    .         Reflect  .   (cloak unavailable)
rCorr    .         Harm     .   (gloves unavailable)
MR       .....                  (boots unavailable)
Stlth    +++.......             (no amulet)
HPRegen  0.03/turn              (no ring)
MPRegen  0.10/turn              (no ring)

@: quick
A: very small, no armour, no weapons or thrown items, stealth, claws 1, fangs 3,
see invisible, carnivore, speed 1, shaggy fur 1, slow metabolism 1, sharp paws
a: no special abilities


You were on level 2 of the Dungeon.
You were very full.

You visited 1 branch of the dungeon, and saw 3 of its levels.

You collected 49 gold pieces.

Inventory:

Scrolls
 a - a scroll of amnesia {unknown}
 c - a scroll of teleportation {unknown}
 f - a scroll of enchant armour {unknown}
Potions
 d - a potion of haste {unknown}
 e - a potion of curing {unknown}
 g - 2 potions of might {unknown}
 h - a potion of degeneration {unknown}
Comestibles
 b - 2 rations


   Skills:
 + Level 3.4 Dodging
 + Level 4.6 Stealth
 - Level 1.0 Unarmed Combat
 - Level 2.0 Spellcasting
 - Level 4.4 Hexes


You had 4 spell levels left.
You knew the following spells:

 Your Spells              Type           Power        Failure   Level  Hunger
a - Corona                Hex            ###....      3%          1    #......

Your spell library contained the following spells:

 Spells                   Type           Power        Failure   Level  Hunger
 Confusing Touch          Hex            ###.....     11%         3    ###....
 Tukima's Dance           Hex            ###.....     11%         3    ###....
 Ensorcelled Hibernation  Hex/Ice        #.....       13%         2    ###....
 Dazzling Flash           Conj/Hex       #.....       26%         3    ###....


Dungeon Overview and Level Annotations

Branches:
Dungeon (3/15)

Altars:


Innate Abilities, Weirdness & Mutations

You cannot wear armour.
You are incapable of wielding weapons or throwing items.
Your paws allow you to move quietly. (Stealth)
You have sharp claws.
You have razor-sharp teeth.
You have supernaturally acute eyesight. (SInv)
You are carnivorous and can eat meat at any time.
You cover ground quickly.
You are covered in fur. (AC +1)
You have a slow metabolism.
Your sharp claws are effective at attacking unaware monsters.


Message History

You see here a plate armour.
The adder closely misses you.
An adder is nearby!
An adder is nearby!
The gnoll shouts!
The adder barely misses you. The gnoll closely misses you.
The gnoll completely misses you. The gnoll hits you with a +0 spear.
The gnoll barely misses you. The gnoll misses you.
The adder closely misses you.
The gnoll hits you from afar with a +0 halberd.
The adder closely misses you. The gnoll misses you. The adder misses you.
The gnoll closely misses you.
The gnoll hits you from afar with a +0 halberd.
The adder bites you. The gnoll hits you with a +0 spear.
* * * LOW HITPOINT WARNING * * *
The adder closely misses you.
The gnoll hits you from afar with a +0 halberd!
Ouch! That really hurt!
You die...

#.#.#### #......#
#.###....######
#.....#.......<
...###############.#.#######
...........[...>.^.#.#
.#..####.####.#.####.# #.#
#.####.#.# #.# .S #..S@#.#.#
#.# #. ####g#.#.. ..#
#.######g#.### ###
#.......g#.# ###
##g#######.# ..# #####..#
#.# ..# #......# #.# ..#
#g####.# #.# ..# #.# #)##
#.#


You could see 3 gnolls and an adder.

Vanquished Creatures
  A giant cockroach (D:1)
  2 goblins (D:1)
  A hobgoblin (D:1)
  3 kobolds
  2 bats
  A frilled lizard (D:1)
  4 rats (D:1)
14 creatures vanquished.

Notes
Turn   | Place    | Note
-------+----------+-------------------------------------------
     0 | D:1      | DeadF the Felid Enchanter began the quest for the Orb.
     0 | D:1      | Reached XP level 1. HP: 7/7 MP: 4/4
     6 | D:1      | Noticed a killer bee
     6 | D:1      | Noticed a lindwurm
     7 | D:1      | Noticed a salamander
     7 | D:1      | Noticed a wyvern
   411 | D:1      | Reached XP level 2. HP: 10/11 MP: 6/6
   736 | D:2      | Upgraded the game from 0.25.0-10-g039870ee82 to
                  | 0.25.0-11-g1f837a76a1
   753 | D:2      | Slain by a gnoll

Illustrated notes

Levels and vault maps discovered:
D:1:      onia_arrival_zoo_common, layout_loops_ring
D:2:      layout_basic, first_ration
D:3:      layout_basic, lemuel_doored_altar, gup_sewer_entry_bowl, uniq_robin

Skill      XL: |  1 |
---------------+----+-----
Dodging        | 3 |  3.4
Stealth        | |  4.6
Unarmed Combat | |  1.0
Spellcasting   | |  2.0
Hexes          | |  4.4

Action                   || total
-------------------------++-------
Melee: Unarmed           ||    30
       Bite              ||     1
 Stab: Sleeping          ||     6
  Eat: Chunk             ||     6
Armor: Skin              ||     1
Dodge: Dodged            ||    36
